 Dungeon Crawl Stone Soup version 0.28-a0-957-g42eb19b844 (webtiles) character file.

Game seed: 12992551891763440036

2759 mcbry74 the Carver (level 10, -2/70 HPs)
             Began as a Human Fighter on Nov 30, 2021.
             Was a Priest of Nemelex Xobeh.
             Slain by a six-headed hydra (7 damage)
             ... on level 7 of the Dungeon.
             The game lasted 00:30:54 (9326 turns).

mcbry74 the Carver (Human Fighter)                  Turns: 9326, Time: 00:30:55

Health: -2/70      AC: 14    Str: 20    XL:     10   Next: 0%
Magic:  14/14      EV:  9    Int:  9    God:    Nemelex Xobeh [***...]
Gold:   374        SH:  4    Dex: 13    Spells: 9/9 levels left

rFire   . . .      SeeInvis .   E - +2 short sword (protect)
rCold   + . .      Faith    .   c - +0 buckler
rNeg    . . .      Spirit   .   b - +0 scale mail
rPois   .          Reflect  .   (no helmet)
rElec   .          Harm     .   (no cloak)
rCorr   .          Rampage  .   (no gloves)
Will    .....                   (no boots)
Stlth   ..........              y - amulet of regeneration
HPRegen 1.01/turn               C - ring of protection from fire
MPRegen 0.14/turn               A - ring of ice

@: under a protective aura
A: no striking features
a: Renounce Religion, Draw Escape, Draw Destruction, Draw Summoning, Triple Draw


You were on level 7 of the Dungeon.
You worshipped Nemelex Xobeh.
Nemelex Xobeh was most pleased with you.
You visited 1 branch of the dungeon, and saw 7 of its levels.

You collected 374 gold pieces.

Inventory:

Hand Weapons
 a - a +0 long sword
 e - a +4 short sword
 o - a +0 dagger of flaming
 r - a +0 hunting sling
 E - a +2 short sword of protection (weapon)
Missiles
 f - 3 boomerangs (quivered)
 h - 360 stones
 p - 41 poisoned darts
 u - 8 datura-tipped darts
 v - 2 curare-tipped darts
Armour
 b - a +0 scale mail (worn)
 c - a +0 buckler (worn)
 g - a +0 leather armour of cold resistance
 x - a +1 robe of willpower
 F - a +0 robe of willpower
Jewellery
 i - an amulet of reflection
 m - an amulet of faith
 y - an amulet of regeneration (around neck)
 A - a ring of ice (right hand)
 C - a ring of protection from fire (left hand)
Wands
 G - a wand of iceblast (7)
 H - a wand of polymorph (4)
Scrolls
 d - a scroll of noise {unknown}
 j - a scroll of silence {unknown}
 l - 2 scrolls of teleportation
 n - 2 scrolls of vulnerability
 q - a scroll of magic mapping
 w - a scroll of blinking
 I - 3 scrolls of enchant armour {unknown}
Potions
 k - 2 potions of heal wounds
 s - 3 potions of flight {unknown}
 t - 2 potions of invisibility {unknown}
 z - a potion of curing
 B - a potion of brilliance {unknown}
 D - a potion of cancellation {unknown}


   Skills:
 - Level 3.0 Fighting
 + Level 5.3(7.8) Short Blades
 * Level 8.8(9.5) Long Blades
 + Level 4.9 Throwing
 + Level 4.0 Armour
 + Level 3.1 Shields
 + Level 5.4 Invocations
 + Level 1.5 Evocations


You had 9 spell levels left.
You didn't know any spells.
Your spell library contained the following spells:

 Spells                   Type           Power      Damage    Failure   Level
 Corpse Rot               Necr/Air       0%         N/A       88%         2
 Poisonous Vapours        Pois/Air       0%         N/A       88%         2


Dungeon Overview and Level Annotations

Branches:
Dungeon (7/15)             Temple (0/1) D:7

Altars:
Ashenzari
Cheibriados
Elyvilon
Gozag
Hepliaklqana
Nemelex Xobeh
Okawaru
Vehumet
Zin
The Shining One

Shops:
D:5 *

Annotations:
D:7 1 runed translucent door


Message History

Your +2 short sword of protection hums with potential!
E - a +2 short sword of protection (weapon)
Things that are here:
a +2 whip of venom; a kobold corpse You draw a card...
You have drawn Pain.
Press: ? - help, Shift-Dir - straight line, f - six-headed hydra
Aim: a six-headed hydra The six-headed hydra barely resists.
The six-headed hydra closely misses you.
You block the six-headed hydra's attack.
The six-headed hydra bites you.
The six-headed hydra completely misses you.
The six-headed hydra bites you. x2
You draw a card...
You have drawn Vitriol.
You radiate a wave of entropy!
The acid corrodes the six-headed hydra!
Press: ? - help, Shift-Dir - straight line, f/p - six-headed hydra
Aim: a six-headed hydra (covered in acid)
The bolt of acid hits the six-headed hydra!!
The six-headed hydra seems to be corroded for longer.
The six-headed hydra is moderately wounded.
The six-headed hydra bites you! x2
You block the six-headed hydra's attack.
The six-headed hydra bites you!
The six-headed hydra bites you but does no damage.
The six-headed hydra closely misses you.
You hit the six-headed hydra.
Your weapon exudes an aura of protection.
The six-headed hydra is moderately wounded.
You barely miss the six-headed hydra.
The six-headed hydra is moderately wounded.
The six-headed hydra closely misses you.
The six-headed hydra bites you! x2
* * * LOW HITPOINT WARNING * * *
The six-headed hydra closely misses you.
The six-headed hydra bites you!
* * * LOW HITPOINT WARNING * * *
The six-headed hydra bites you!
You die...
Your body glows slightly and disappears.

##.###.# ##.#.#..##
#..##.# #......# #.#
##....## #..#.#.# #.#
###...###....#.# #.#
#.####........>.# #.#
#....###...###### #.#
###.#.†###...### #.#
..##.#D####...# #.#
#.#..#..#.D@##.#####.##
#y#.##.##.###..........#
#).. ## ###)..####.....#
#.#. ###...### #.###.#
:## ###...### #.# #.#
###...### #.# #.#
##...#.# #.# #.#
#......# #######.###.#
##....### #...........#


You could see a six-headed hydra (corroded).

Vanquished Creatures
  The ghost of vineage the Skirmisher, an amateur GrFi of Okawaru (D:4)
  Sigmund (D:4)
  A vampire mosquito (D:7)
  A water moccasin (D:3)
  A black bear (D:7)
  An ice beast (D:6)
  2 necrophages
  3 ogres
  A phantom (D:6)
  A centaur (D:7)
  Blork the orc (D:6)
  2 kobold brigands
  A bullfrog (D:6)
  4 scorpions (D:4)
  A wyvern skeleton (D:7)
  A water moccasin zombie (D:4)
  2 water moccasin skeletons
  3 wights (D:7)
  A bullfrog zombie (D:7)
  4 hounds
  2 gnoll shamans
  A bullfrog skeleton (D:4)
  An iguana (D:4)
  An orc wizard (D:7)
  A killer bee zombie (D:4)
  A hound skeleton (D:2)
  7 gnolls
  10 adders
  An ufetubus (D:4)
  An adder zombie (D:5)
  2 adder skeletons (D:4)
  5 worms
  2 dart slugs
  4 orcs
  9 ball pythons
  4 bats (D:1)
  4 endoplasms
  8 giant cockroaches
  3 goblins
  6 hobgoblins
  3 jackals (D:5)
  6 quokkas
  A frilled lizard (D:1)
  3 jackal skeletons
  15 kobolds
  A rat (D:1)
135 creatures vanquished.

Notes
Turn   | Place    | Note
-------+----------+-------------------------------------------
     0 | D:1      | mcbry74 the Human Fighter began the quest for the Orb.
     0 | D:1      | Reached XP level 1. HP: 18/18 MP: 1/1
     2 | D:1      | Noticed a vine stalker
     2 | D:1      | Noticed an ogre
     4 | D:1      | Noticed a demigod
     4 | D:1      | Noticed a ghoul
     6 | D:1      | Noticed a formicid
     9 | D:1      | Noticed a troll
     9 | D:1      | Noticed a dwarf
    11 | D:1      | Noticed a gargoyle
    13 | D:1      | Noticed a tengu
    15 | D:1      | Noticed an octopode
    15 | D:1      | Noticed a vampire
    17 | D:1      | Noticed a merfolk
    17 | D:1      | Noticed a minotaur
    19 | D:1      | Noticed a felid
    19 | D:1      | Noticed a human
    21 | D:1      | Noticed a naga
    23 | D:1      | Noticed a spriggan
    23 | D:1      | Noticed a draconian
    25 | D:1      | Noticed a demonspawn
    25 | D:1      | Noticed an elf
   292 | D:1      | Reached XP level 2. HP: 24/24 MP: 2/2
   951 | D:1      | Found a faded altar of an unknown god.
   973 | D:1      | Reached skill level 3 in Long Blades
   973 | D:1      | Reached XP level 3. HP: 24/29 MP: 3/3
  1462 | D:1      | HP: 1/29 [poisoned by an adder]
  1783 | D:2      | Reached XP level 4. HP: 29/35 MP: 4/4
  2936 | D:3      | Reached skill level 4 in Long Blades
  3140 | D:3      | Reached XP level 5. HP: 41/41 MP: 5/5
  3267 | D:3      | Found a radiant altar of Vehumet.
  3403 | D:3      | Noticed a water moccasin
  3655 | D:3      | Found a sparkling altar of Nemelex Xobeh.
  3663 | D:3      | Noticed a kobold brigand
  3669 | D:3      | Became a worshipper of Nemelex Xobeh the Trickster
  3680 | D:3      | Killed a kobold brigand
  3681 | D:3      | Reached skill level 1 in Short Blades
  3924 | D:3      | Found a broken altar of Ashenzari.
  3945 | D:3      | Reached XP level 6. HP: 40/47 MP: 6/6
  4069 | D:3      | Found a snail-covered altar of Cheibriados.
  4212 | D:3      | Killed a water moccasin
  4213 | D:3      | Reached skill level 5 in Long Blades
  4213 | D:3      | Reached skill level 1 in Throwing
  4213 | D:3      | Reached skill level 1 in Invocations
  4619 | D:4      | Found a runed translucent gate.
  4620 | D:4      | Found a runed translucent gate.
  4620 | D:4      | Found a runed translucent gate.
  4622 | D:4      | Noticed vineage's ghost (amateur GrFi)
  4675 | D:4      | Noticed a necrophage
  4675 | D:4      | Noticed an ogre
  4737 | D:4      | Noticed Sigmund
  4746 | D:4      | Killed Sigmund
  4747 | D:4      | Reached XP level 7. HP: 11/52 MP: 6/8
  5091 | D:4      | Found a glowing golden altar of the Shining One.
  5137 | D:4      | Reached skill level 6 in Long Blades
  5361 | D:4      | Reached XP level 8. HP: 46/58 MP: 8/10
  5991 | D:4      | Reached * piety under Nemelex Xobeh
  6860 | D:4      | Killed vineage's ghost
  6861 | D:4      | Reached skill level 7 in Long Blades
  6963 | D:5      | Entered Level 5 of the Dungeon
  6980 | D:5      | Found an opulent altar of Gozag.
  7041 | D:5      | Found a glowing silver altar of Zin.
  7105 | D:5      | Received a gift from Nemelex Xobeh
  7118 | D:5      | Reached ** piety under Nemelex Xobeh
  7150 | D:5      | Found an iron altar of Okawaru.
  7520 | D:5      | Found Qinot's Gadget Gallery.
  7639 | D:4      | Reached XP level 9. HP: 41/63 MP: 12/12
  7927 | D:6      | Noticed Blork the orc
  8150 | D:6      | Found a hazy altar of Hepliaklqana.
  8168 | D:6      | Reached skill level 8 in Long Blades
  8376 | D:7      | Found a staircase to the Ecumenical Temple.
  8450 | D:6      | Killed Blork the orc
  8568 | D:7      | Found a white marble altar of Elyvilon.
  8587 | D:7      | Reached skill level 5 in Invocations
  8645 | D:7      | Found a runed translucent door.
  8664 | D:7      | Reached skill level 5 in Short Blades
  8899 | D:7      | Reached skill level 1 in Evocations
  9182 | D:7      | Reached *** piety under Nemelex Xobeh
  9271 | D:7      | Reached XP level 10. HP: 33/70 MP: 14/14
  9274 | D:7      | Noticed a boulder beetle
  9318 | D:7      | Noticed a six-headed hydra
  9326 | D:7      | Slain by a six-headed hydra

Illustrated notes

Levels and vault maps discovered:
D:1:      kb_arrival_jail, layout_basic, basic_ecumenical_altar
D:2:      layout_rooms, palyth_stone_intersect
D:3:      layout_basic, kennysheep_slug_shrine, nicolae_overflow_crystal_walls,
          mainiacjoe_overflow_small_starburst, nemelex_diamond_rough_becter
D:4:      layout_gridville, old_standard_altar, gammafunk_ghost_necromancy,
          minmay_joined_circles, uniq_sigmund
D:5:      layout_cave_pods, mainiacjoe_overflow_paths,
          mainiacjoe_overflow_boulevard, amcnicky_altar_gilded,
          chequers_serial_rivers_micro_d, nicolae_shop_gadgets
D:6:      layout_basic, nicolae_hepliaklqana_hazy_memory, uniq_blork_the_orc
D:7:      minmay_the_grid_four_pointed_star
          [minmay_the_grid_triangle_9x9_checkered,
          minmay_the_grid_triangle_9x9_corruption,
          minmay_the_grid_triangle_9x9_descending_squares,
          minmay_the_grid_triangle_9x9_subtriangle,
          minmay_the_grid_prize_trominoes], layout_loops_ring, elyvilon_altar_1,
          minmay_temple_entry_sparse_star

Skill      XL: |  1  2  3  4  5  6  7  8  9 |
---------------+----------------------------+-----
Long Blades    | 3 4 5 6 7 8 |  8.8
Armour         | 4 |  4.0
Short Blades   | 1 2 3 4 5 |  5.3
Throwing       | 1 2 3 4 |  4.9
Invocations    | 2 4 5 |  5.4
Evocations     | 1 |  1.5
Fighting       | |  3.0
Shields        | |  3.1

Action                   |  1- 3 |  4- 6 |  7- 9 | 10-12 || total
-------------------------+-------+-------+-------+-------++-------
Melee: Long sword        |    90 |   176 |   423 |       ||   689
       Short sword       |       |       |       |     2 ||     2
Throw: Stone             |       |    12 |       |       ||    12
       Dart              |       |       |    15 |       ||    15
       Boomerang         |       |       |    10 |       ||    10
Invok: Draw Destruction  |       |       |     1 |     2 ||     3
  Use: Potion            |     3 |     4 |     3 |       ||    10
       Scroll            |       |     4 |     2 |       ||     6
Armor: Scale mail        |    43 |    39 |   130 |     1 ||   213
       Skin              |       |    25 |       |       ||    25
Dodge: Dodged            |    44 |    64 |   160 |     5 ||   273
Block: Buckler           |    18 |    30 |   129 |     2 ||   179
       Reflection        |       |       |     1 |       ||     1

Table legend: (Time is in decaauts)
 A = Elapsed time spent in this place.
 B = Non-inter-level travel time spent in this place.
 C = Inter-level travel time spent in this place.
 D = Time resting spent in this place.
 E = Time spent auto-exploring this place.
 F = Levels seen in this place.
 G = Mean time per level.
                   A        B        C        D        E       F      G
               +--------+--------+--------+--------+--------+-----+--------+
         Total |   9346 |   9059 |    287 |   2967 |   3728 |   7 | 1335.1 |
       Dungeon |   9346 |   9059 |    287 |   2967 |   3728 |   7 | 1335.1 |
               +--------+--------+--------+--------+--------+-----+--------+

Top non-repeatable levels by time:
     D:4: 2363 daAuts
     D:1: 2054 daAuts
     D:3: 1726 daAuts
     D:2: 913 daAuts
     D:5: 858 daAuts
     D:7: 769 daAuts
     D:6: 661 daAuts
